AoeStats
← IamDragonFire

Oasis

509937410Analyzed
2v2 RM · 2d ago on Sep 28, 2026· 38m 17s· 4 players
Game mode
Random Map
Map size
Medium (4 player)
Population
200
Speed
Normal
Resources
Standard
Victory
Conquest
Starting age
Dark Age
Ending age
Imperial Age
RankedLock teamsTeams togetherTeam positionsShared explorationLock speedFull tech treeHidden civsTurbo modeCheats
Victory
Defeat
🇨🇭 Jurchens · Switzerland
1573
+9
🇨🇭 Vikings · Switzerland
1257
+52
🇮🇳 Bengalis · India
1395
-15
🇨🇳 Varangians · China
1387
-15
nizam.lko
10:08 Feudal Age
14:52 Castle Age
14:02 Loom
16:55 Fletching
29:01 Town Watch
32:21 Double-Bit Axe
33:54 Bodkin Arrow
37:18 Imperial Age
35:47 Ballistics
35:31 Padded Archer Armor
38:00 Bodkin Arrow
38:21 Leather Archer Armor
Jinzc_
9:48 Feudal Age
9:29 Loom
20:21 Castle Age
18:20 Double-Bit Axe
18:42 Gold Mining
19:27 Scale Mail Armor
19:43 Horse Collar
20:14 Forging
28:44 Bloodlines
28:47 Fletching
29:57 Padded Archer Armor
30:01 Bodkin Arrow
30:51 Padded Archer Armor
34:58 Husbandry
36:26 Stone Mining
[BÜN] Swissblaze
6:47 Loom
8:59 Feudal Age
9:32 Double-Bit Axe
10:20 Horse Collar
15:59 Town Watch
18:54 Castle Age
17:19 Fletching
17:31 Gold Mining
18:23 Bloodlines
19:40 Padded Archer Armor
19:38 Bodkin Arrow
20:00 Bow Saw
20:44 Wheelbarrow
21:25 Husbandry
27:26 Stone Mining
27:40 Padded Archer Armor
28:47 Ballistics
30:49 Leather Archer Armor
34:49 Hand Cart
35:58 Scale Mail Armor
IamDragonFire
6:53 Loom
10:19 Feudal Age
10:48 Double-Bit Axe
14:20 Fletching
22:20 Castle Age
20:32 Horse Collar
22:01 Gold Mining
23:01 Stone Mining
23:34 Bow Saw
23:25 Heavy Plow
23:49 Forging
23:44 Scale Barding Armor
32:08 Imperial Age
30:27 Scale Mail Armor
32:45 Chain Mail Armor
33:20 Gold Shaft Mining
34:06 Two-Man Saw
36:02 Plate Mail Armor
37:32 Iron Casting
37:17 Chain Barding Armor
38:08 Crop Rotation
37:43 Elite Berserk
Connection lost

Rejoining the realm…

Still unreachable

The connection could not be restored.

Session expired

The server has moved on; the page needs a fresh start.